 Dungeon Crawl Stone Soup version 0.30.0-29-ga12c61a403 (webtiles) character file.

Game seed: 3965628777889216809

2590 ChadusMaximus the Blocker (level 9, 0/73 HPs)
             Began as a Formicid Fighter on June 18, 2023.
             Succumbed to a killer bee's poison
             ... on level 7 of the Dungeon.
             The game lasted 00:07:51 (7208 turns).

ChadusMaximus the Blocker (Formicid Fighter)        Turns: 7208, Time: 00:07:51

Health: 0/73       AC: 10    Str: 31    XL:     9   Next: 89%
Magic:  9/9        EV: 14    Int:  8    God:
Gold:   326        SH:  6    Dex: 13    Spells: 8/8 levels left

rFire   . . .        a - +0 war axe
rCold   . . .        c - +0 buckler
rNeg    . . .        F - +0 chain mail
rPois   .            (helmet unavailable)
rElec   .            (no cloak)
rCorr   .            (no gloves)
SInv    +            (no boots)
Will    .....        (no amulet) Stlth
                     h - +6 ring of strength
HPRegen 0.32/turn    w - +5 ring of evasion
MPRegen 0.11/turn

%: no passive effects
@: mighty, lethally poisoned (0 -> -8)
A: permanent stasis, dig shafts and tunnels, antennae 3, four strong arms
a: Dig, Shaft Self


You were on level 7 of the Dungeon.
You visited 2 branches of the dungeon, and saw 9 of its levels.
You also visited: Sewer and Ossuary.

You collected 326 gold pieces.

Inventory:

Hand Weapons
 a - a +0 war axe (weapon)
Armour
 c - a +0 buckler (worn)
 F - a +0 chain mail (worn)
Jewellery
 b - a +6 ring of strength
 h - a +6 ring of strength (left hand)
 j - a ring of flight
 o - a ring of wizardry
 w - a +5 ring of evasion (right hand)
 C - a ring of magical power
 D - a ring of positive energy
Wands
 t - a wand of iceblast (12)
 u - a wand of charming (3)
 H - a wand of mindburst (10)
Scrolls
 f - 2 scrolls of brand weapon {unknown}
 g - a scroll of acquirement {unknown}
 k - 2 scrolls of immolation
 l - 6 scrolls of teleportation
 m - 2 scrolls of vulnerability {unknown}
 q - 5 scrolls of identify {unknown}
 r - 3 scrolls of butterflies {unknown}
 s - 3 scrolls of fog
 y - 4 scrolls of noise
 E - 3 scrolls of blinking {unknown}
Potions
 e - 7 potions of curing {unknown}
 i - 2 potions of resistance {unknown}
 n - a potion of mutation {unknown}
 p - 5 potions of flight
 v - 4 potions of heal wounds {unknown}
 x - a potion of lignification {unknown}
 z - 3 potions of haste {unknown}
 A - a potion of invisibility {unknown}
 B - 11 potions of degeneration
 G - a potion of brilliance {unknown}


   Skills:
 + Level 7.7 Fighting
 + Level 6.6 Axes
 + Level 7.7 Armour
 + Level 9.2 Shields


You had 8 spell levels left.
You didn't know any spells.
Your spell library contained the following spells:

 Spells                   Type           Power      Damage    Failure   Level
 Beastly Appendage        Tmut           0%         N/A       86%         1
 Summon Small Mammal      Summ           0%         N/A       86%         1
 Lesser Beckoning         Tloc           0%         N/A       94%         2
 Momentum Strike          Conj/Tloc      0%         3d8       94%         2
 Wereblood                Tmut           0%         N/A       94%         2
 Call Canine Familiar     Summ           0%         N/A       99%         3
 Spider Form              Tmut/Pois      0%         N/A       99%         3
 Summon Guardian Golem    Hex/Summ       0%         N/A       99%         3
 Anguish                  Hex/Necr       0%         N/A       100%        4
 Cause Fear               Hex            0%         N/A       100%        4
 Enfeeble                 Hex            0%         N/A       100%        7
 Blink                    Tloc           Unusable   N/A       N/A         2

Dungeon Overview and Level Annotations

Branches:
Dungeon (8/15)             Temple (1/1) D:4           Sewer (visited)
Ossuary (visited)
   Lair: D:8-11

Altars:
Ashenzari
Dithmenos
Elyvilon
Fedhas
Gozag
Qazlal
Vehumet
Wu Jian
Xom
Yredelemnul
Zin
The Shining One

Shops:
D:4 (   D:6 (?:*!

Annotations:
D:5 3 runed translucent doors, Nicoed's ghost, novice MiFi; vvl's ghost, novice OpEE


Innate Abilities, Weirdness & Mutations

You cannot be hasted, slowed, berserked, paralysed or teleported.
You can dig through walls and to a lower floor.
You have a pair of large antennae on your head. (SInv)
Your four strong arms can wield two-handed weapons with a shield.


Message History

You miss the killer bee.
The killer bee is almost dead.
You feel sick.
You are no longer poisoned.
The killer bee closely misses you. The killer bee stings you.
* * * LOW HITPOINT WARNING * * *
The killer bee closely misses you.
Unknown command.
You miss the killer bee.
The killer bee is almost dead.
The killer bee barely misses you. The killer bee stings you.
* * * LOW HITPOINT WARNING * * *
You miss the killer bee.
The killer bee is almost dead.
The killer bee closely misses you. You block the killer bee's attack.
Unknown command.
You closely miss the killer bee.
The killer bee is almost dead.
You block the killer bee's attack. x2; The killer bee misses you.
You miss the killer bee.
The killer bee is almost dead.
The killer bee stings you but does no damage. x2
Unknown command.
You closely miss the killer bee.
The killer bee is almost dead.
The killer bee stings you but does no damage. x2
The killer bee closely misses you.
You barely miss the killer bee.
The killer bee is almost dead.
The killer bee closely misses you. The killer bee barely misses you.
You closely miss the killer bee.
The killer bee is almost dead.
The killer bee stings you!
* * * LOW HITPOINT WARNING * * *
You are lethally poisoned!
The killer bee poisons you! The killer bee stings you.
* * * LOW HITPOINT WARNING * * *
You barely miss the killer bee.
The killer bee is almost dead.
You die...

#...$.##..# .<
#.........
[.###........#
....#........####.
..................
#................
##................
#.....†...>.......
#.....†@..........
......y#..........
..##.#............
.. ##.....###...
... .......# .. ..
#......... . .
...........
!##.........


You could see a killer bee.

Vanquished Creatures
  Pikel (D:6)
  Sigmund (D:4)
  Menkaure (D:5)
  A water moccasin (D:8)
  An ice beast (D:5)
  A sky beast (D:5)
  2 ogres
  A centaur (D:5)
  A phantom (D:6)
  Blork the orc (D:6)
  4 bullfrogs
  A scorpion (D:4)
  2 killer bees (D:7)
  A howler monkey (D:6)
  A human zombie (Ossuary)
  2 jellies (D:5)
  2 hounds (D:5)
  3 iguanas
  4 orc wizards
  4 mummies (Ossuary)
  4 gnolls (D:4)
  12 adders
  7 river rats (Sewer)
  2 white imps (D:5)
  An ufetubus (D:6)
  8 worms
  A dart slug (D:1)
  13 orcs
  7 endoplasms
  8 giant cockroaches
  2 gnoll zombies (Ossuary)
  6 hobgoblins
  3 jackals (Sewer)
  2 kobolds (D:3)
  5 quokkas
  13 ball pythons
  14 bats
  4 frilled lizards
  5 goblins
  3 goblin zombies (Ossuary)
  A kobold zombie (Ossuary)
  An orc zombie (Ossuary)
  2 rats
159 creatures vanquished.

Notes
Turn   | Place    | Note
-------+----------+-------------------------------------------
     0 | D:1      | ChadusMaximus the Formicid Fighter began the quest for the
                  | Orb.
     0 | D:1      | Reached XP level 1. HP: 18/18 MP: 1/1
   198 | D:1      | Reached XP level 2. HP: 23/24 MP: 2/2
   718 | D:2      | Reached XP level 3. HP: 21/29 MP: 3/3
  1329 | D:2      | Reached XP level 4. HP: 27/37 MP: 4/4
  1529 | D:3      | Found a glowing drain.
  1543 | Sewer    | Entered a sewer
  1691 | Sewer    | Reached XP level 5. HP: 36/42 MP: 5/5
  1756 | Sewer    | Reached skill level 5 in Shields
  2154 | Sewer    | Reached XP level 6. HP: 9/49 MP: 6/6
  2727 | D:3      | Found a glowing silver altar of Zin.
  3126 | D:4      | Noticed Sigmund
  3133 | D:4      | Killed Sigmund
  3134 | D:4      | Reached skill level 5 in Armour
  3134 | D:4      | Reached skill level 6 in Shields
  3134 | D:4      | Reached XP level 7. HP: 53/55 MP: 7/7
  3151 | D:4      | Reached skill level 5 in Fighting
  3169 | D:4      | Found a sand-covered staircase.
  3178 | Ossuary  | Entered an ossuary
  3885 | D:4      | Found a staircase to the Ecumenical Temple.
  3900 | D:4      | Found Enor's Antique Weapon Shop.
  3906 | Temple   | Entered the Ecumenical Temple
  4217 | D:4      | Identified the +5 hand axe of Taxeuttir {distort, Str+3}
  4402 | D:5      | Entered Level 5 of the Dungeon
  4500 | D:5      | Reached XP level 8. HP: 63/63 MP: 8/8
  4613 | D:5      | Found a runed translucent gate.
  4634 | D:5      | Found a runed translucent gate.
  4634 | D:5      | Found a runed translucent gate.
  4634 | D:5      | Noticed Nicoed's ghost (novice MiFi)
  4634 | D:5      | Noticed vvl's ghost (novice OpEE)
  4716 | D:5      | Reached skill level 7 in Shields
  4975 | D:5      | Noticed Menkaure
  4986 | D:5      | Reached skill level 5 in Axes
  4989 | D:5      | Killed Menkaure
  5747 | D:6      | Found Eho Fyc's Book Boutique.
  5867 | D:6      | Found Jisalli Iryr's General Store.
  5889 | D:6      | Noticed Blork the orc
  5898 | D:6      | Killed Blork the orc
  5899 | D:6      | Reached XP level 9. HP: 56/71 MP: 9/9
  5964 | D:6      | Reached skill level 8 in Shields
  6315 | D:6      | Noticed Pikel
  6342 | D:6      | Killed Pikel
  6415 | D:6      | Found Ogusu's Weapon Shop.
  6453 | D:6      | Found Ellottofio's Magic Scroll Shop.
  6554 | D:6      | Found Neycvom's Distillery.
  6916 | D:6      | Reached skill level 9 in Shields
  6991 | D:7      | Noticed a two-headed ogre
  7170 | D:8      | Identified the +0 scale mail of Otyrph {Will+ rCorr Int-3
                  | Dex+5}
  7207 | D:7      | HP: 3/73 [killer bee (4)]
  7208 | D:7      | Succumbed to a killer bee's poison

Illustrated notes

Levels and vault maps discovered:
D:1:      spicycebolla_arrival_ecumenical, layout_loops_cross, minivault_14
D:2:      layout_basic
D:3:      layout_loops_cross, zin_statuary, gup_sewer_entry_bubbles
D:4:      layout_basic, minmay_temple_entry_offerings, serial_shops, shop,
          lightli_ossuary_entry_decrepit_ruins, uniq_sigmund
D:5:      layout_basic, gammafunk_ghost_cemetery, uniq_menkaure
D:6:      layout_loops_ring, serial_shops, nicolae_shop_just_a_little_nook,
          shop_fountains, nicolae_shop_back_alley_shop, shop,
          nicolae_shop_rolling_square, st_stairs_5, uniq_pikel,
          uniq_blork_the_orc
D:7:      layout_cave_pools, nicolae_sif_muna_condensation,
          gammafunk_temple_overflow_statue, serial_shops, shop,
          minmay_misc_feat_ornament, nicolae_nh_ransacked_shop
D:8:      layout_gridville, general_overflow_altar, nicolae_ru_path_of_blood,
          nicolae_overflow_hidden_temple, lemuel_doored_altar,
          grunt_lair_entry_orc_guard_hut
Temple:   nicolae_temple_bog_church

Skill      XL: |  1  2  3  4  5  6  7  8  9 |
---------------+----------------------------+-----
Fighting       | 4 5 6 7 |  7.7
Armour         | 4 5 6 7 |  7.7
Axes           | 3 4 5 6 |  6.6
Shields        | 5 6 7 9 |  9.2

Action                     |  1- 3 |  4- 6 |  7- 9 || total
---------------------------+-------+-------+-------++-------
  Melee: War axe           |    67 |   164 |   293 ||   524
    Use: Scroll            |       |       |     2 ||     2
         Potion            |       |       |     1 ||     1
 Armour: Scale mail        |    26 |    64 |       ||    90
         Chain mail        |       |     2 |    92 ||    94
  Dodge: Dodged            |    38 |    82 |   221 ||   341
  Block: Buckler           |    13 |    47 |    94 ||   154
